 Dungeon Crawl Stone Soup version 0.17.2 (webtiles) character file.

2975 Goblin1989 the Basher (level 9, 74/93 HPs)
             Began as a Deep Dwarf Monk on July 16, 2016.
             Was a Believer of Elyvilon.
             Quit the game on level 8 of the Dungeon.
             The game lasted 00:20:46 (6020 turns).

Goblin1989 the Basher (Deep Dwarf Monk)             Turns: 6020, Time: 00:20:46

Health: 74/93      AC:  7    Str: 19    XL:     9   Next: 53%
Magic:  8/8        EV: 12    Int: 10    God:    Elyvilon [**....]
Gold:   409        SH:  4    Dex: 19    Spells: 1 memorised, 5 levels left

rFire  . . .     SeeInvis +     m - +0 flail
rCold  . . .     Clarity  .     s - +2 ring mail "Fimmarag" {Dex+4}
rNeg   . . .     SustAt   .     j - +0 buckler
rPois  .         Gourm    .     (no helmet)
rElec  .         Spirit   .     (no cloak)
rCorr  .         Warding  .     (no gloves)
rMut   .         Stasis   .     (no boots)
MR     +....                    x - amulet of Vitality {Regen+ HP+15}
Stlth  ++........               (no ring)
                                g - ring of see invisible

@: non-regenerating, somewhat resistant to hostile enchantments, unstealthy
A: damage resistance, recharge devices, sense surroundings 2, slow regeneration
3
a: Device Recharging, Lesser Healing, Heal Other, Divine Protection, Renounce
Religion


You were on level 8 of the Dungeon.
You worshipped Elyvilon.
Elyvilon was pleased with you.
You were not hungry.

You visited 2 branches of the dungeon, and saw 9 of its levels.

You collected 431 gold pieces.
You spent 22 gold pieces at shops.

Inventory:

Hand Weapons
 m - a +0 flail (weapon)
Armour
 j - a +0 buckler (worn)
 s - the +2 ring mail "Fimmarag" (worn) {Dex+4}
   (You found it on level 6 of the Dungeon)

   It affects your dexterity (+4).
Jewellery
 g - a ring of see invisible (left hand)
 x - the amulet of Vitality (around neck) {Regen+ HP+15}
   (You found it on level 5 of the Dungeon)

   [amulet of regeneration]

   It affects your health (+15).
   It increases your rate of regeneration.
Wands
 b - a wand of heal wounds (3)
Scrolls
 a - a scroll of teleportation {unknown}
 c - a scroll of enchant weapon
 d - 4 scrolls of remove curse
 e - a scroll of recharging {unknown}
 i - 4 scrolls of amnesia
 k - a scroll of identify
 l - a scroll of immolation
 n - a scroll of noise {unknown}
 o - 2 scrolls of fog
 r - 2 scrolls of magic mapping
 u - 3 scrolls of enchant armour
 y - 2 scrolls of random uselessness {unknown}
 z - a scroll of fear {unknown}
Potions
 f - a potion of resistance
 q - 2 potions of invisibility
 t - a potion of ambrosia
 v - a potion of heal wounds {unknown}
 A - a potion of curing
 C - a potion of might
Comestibles
 h - 2 meat rations
 p - 5 bread rations
 w - 2 beef jerkies
 B - 2 chunks of flesh


   Skills:
 - Level 3.6 Fighting
 * Level 11.2 Maces & Flails
 - Level 3.2 Dodging
 - Level 2.4 Stealth
 - Level 3.6 Unarmed Combat
 + Level 4.3 Invocations
 + Level 6.4 Evocations


You had 5 spell levels left.
You knew the following spells:

 Your Spells              Type           Power        Failure   Level  Hunger
a - Recall                Summ/Tloc      N/A          100%        3    ####...


Dungeon Overview and Level Annotations

Branches:
Dungeon (8/15)             Temple (1/1) D:7
   Lair: D:8-11

Altars:
Ashenzari
Dithmenos
Elyvilon
Fedhas
Gozag
Okawaru
Qazlal
Sif Muna
Trog
Vehumet
Zin
The Shining One

Shops:
D:7 ?

Annotations:
D:3 Goblin1989's ghost, amateur DsMo
D:5 Prince Ribbit
D:8 2 runed doors


Innate Abilities, Weirdness & Mutations

You are resistant to damage.
You can recharge devices by infusing magical energy.
You passively map the area around you.
You do not regenerate naturally.


Message History

Evoke which item? (* to show all) (? for menu, Esc to quit)
Okay, then.
Charge which item? (? for menu, Esc to quit)
Your wand of heal wounds (0) glows for a moment and now has 3 charges.
Saving game... please wait.
Level annotation: 2 runed doors Welcome back, Goblin1989 the Deep Dwarf Monk.
Elyvilon says: Go forth and aid the weak!
Press ? for a list of commands and other information.
Are you sure you want to abandon this character and quit the game? (Confirm with "yes".)
Okay, then.
You swing at nothing.
Eat which item? (? for menu, Esc to quit)
You can't eat that!
Are you sure you want to abandon this character and quit the game? (Confirm with "yes".)
Okay, then.
Unknown command.
Unknown command.
Unknown command.
Are you sure you want to abandon this character and quit the game? (Confirm with "yes".)

.........[....##. ,
#.* #........#......
*
#.###.##.....######.
#.....##.....# #...
** #..
#.#..########'## , ,
,.>*#....#..........
**#.##....#..........
* #.#.....#....######
* #.@.....#....# , *
#.#.....#.(..+ ,,
#.##....#....# ,, , ,
, ,..
$....#....###### *
##.###%..#..........
** * * #.
..#.#.......... , .(
#...########'## * *
#.* #.#.........#. *
* ..........


There were no monsters in sight!

Vanquished Creatures
  A troll (D:8)
  A hippogriff (D:7)
  Eustachio (D:6)
  A hungry ghost (D:7)
  Duvessa (D:5)
  A phantom (D:8)
  2 sky beasts (D:6)
  A black bear (D:6)
  A centaur (D:7)
  2 necrophages (D:7)
  Blork the orc (D:5)
  6 giant frogs
  A big kobold (D:8)
  Dowan (D:5)
  A scorpion (D:4)
  9 wights
  2 crimson imps
  A centaur zombie (D:5)
  A gnoll shaman (D:8)
  2 orc priests (D:4)
  A hound (D:8)
  3 giant frog skeletons
  2 jellies (D:6)
  2 worker ants
  A hound skeleton (D:4)
  6 gnolls (D:8)
  7 adders
  3 shadow imps
  An ooze (D:4)
  A worm (D:2)
  3 adder skeletons
  4 giant geckos
  10 orcs
  9 giant cockroaches
  4 goblins
  3 hobgoblins
  10 kobolds
  3 quokkas
  A ball python (D:3)
  A ball python skeleton (D:4)
  10 bats
  A giant gecko skeleton (D:5)
  5 giant newts
  6 jackals
  A jackal skeleton (D:8)
  A quokka skeleton (D:7)
  5 rats
141 creatures vanquished.

Notes
Turn   | Place    | Note
--------------------------------------------------------------
     0 | D:1      | Goblin1989 the Deep Dwarf Monk began the quest for the Orb.
     0 | D:1      | Reached XP level 1. HP: 20/20 MP: 1/1
   147 | D:1      | Reached XP level 2. HP: 24/28 MP: 2/2
   773 | D:2      | Reached skill level 1 in Maces & Flails
   773 | D:2      | Reached XP level 3. HP: 30/36 MP: 3/3
   982 | D:2      | Found a radiant altar of Vehumet.
  1558 | D:3      | Reached XP level 4. HP: 42/44 MP: 4/4
  1700 | D:3      | Noticed Goblin1989's ghost (amateur DsMo)
  2314 | D:3      | Noticed an ogre
  2646 | D:4      | Found a deep blue altar of Sif Muna.
  2693 | D:4      | Reached XP level 5. HP: 46/50 MP: 5/5
  2713 | D:4      | Reached skill level 4 in Maces & Flails
  3054 | D:4      | Reached skill level 5 in Maces & Flails
  3122 | D:5      | Entered Level 5 of the Dungeon
  3166 | D:5      | Reached XP level 6. HP: 36/57 MP: 5/5
  3188 | D:5      | Noticed Blork the orc
  3201 | D:5      | Noticed Dowan
  3202 | D:5      | Noticed Duvessa
  3220 | D:5      | Killed Duvessa
  3226 | D:5      | Killed Dowan
  3226 | D:5      | Reached skill level 6 in Maces & Flails
  3240 | D:5      | Killed Blork the orc
  3385 | D:5      | Noticed Prince Ribbit
  3458 | D:5      | Reached XP level 7. HP: 63/63 MP: 5/5
  3521 | D:5      | Learned a level 3 spell: Recall
  3536 | D:5      | Found a bloodstained altar of Trog.
  3604 | D:5      | Reached skill level 7 in Maces & Flails
  3927 | D:6      | Found a stormy altar of Qazlal.
  3927 | D:6      | Noticed a water elemental
  3933 | D:6      | Noticed a fire elemental
  3933 | D:6      | Noticed an air elemental
  3942 | D:6      | Noticed Eustachio
  3985 | D:6      | Killed Eustachio
  4070 | D:6      | Reached skill level 8 in Maces & Flails
  4224 | D:6      | Reached skill level 1 in Evocations
  4224 | D:6      | Reached XP level 8. HP: 47/72 MP: 5/5
  4298 | D:6      | Reached skill level 9 in Maces & Flails
  4299 | D:6      | Got a polished ring mail
  4310 | D:6      | Identified the +2 ring mail "Fimmarag" {Dex+4} (You found it on level 6 of the Dungeon)
  4532 | D:6      | Found a glowing golden altar of the Shining One.
  4674 | D:7      | Found Faz Vai's Magic Scroll Shoppe.
  4679 | D:7      | Bought a scroll of identify for 22 gold pieces
  4727 | D:7      | Reached skill level 10 in Maces & Flails
  4812 | D:7      | Found a staircase to the Ecumenical Temple.
  4823 | Temple   | Entered the Ecumenical Temple
  4919 | Temple   | Became a worshipper of Elyvilon the Healer
  4919 | Temple   | Reached * piety under Elyvilon
  4919 | Temple   | Reached ** piety under Elyvilon
  5123 | D:7      | Reached skill level 1 in Invocations
  5164 | D:7      | Reached skill level 5 in Evocations
  5164 | D:7      | Gained mutation: You passively map the area around you. [Deep Dwarf growth]
  5164 | D:7      | Reached XP level 9. HP: 78/78 MP: 8/8
  5835 | D:8      | Reached skill level 11 in Maces & Flails
  5935 | D:8      | Found a runed door.
  5947 | D:8      | Found a runed door.
  6020 | D:8      | Quit the game

Action                   |  1- 3 |  4- 6 |  7- 9 || total
-------------------------+-------+-------+-------++-------
Melee: Unarmed           |    84 |       |       ||    84
       Club              |   122 |       |       ||   122
       Flail             |     4 |   192 |   403 ||   599
Invok: Lesser Healing    |       |       |    15 ||    15
 Abil: Device Recharging |       |     2 |     3 ||     5
Evoke: Wand              |     3 |     7 |    14 ||    24
  Use: Potion            |       |     5 |     3 ||     8
       Scroll            |       |       |     8 ||     8
 Stab: Sleeping          |     5 |       |     5 ||    10
  Eat: Chunk             |     1 |     4 |     6 ||    11
       Bread ration      |       |     1 |       ||     1
       Meat ration       |       |       |     1 ||     1
       Royal jelly       |       |       |     1 ||     1
